 Dungeon Crawl Stone Soup version 0.31-b1-22-gc680215f68 (webtiles) character file.

Game seed: 12085559177651802138

100 Buffagor the Trooper (level 4, -3/44 HPs)
             Began as a Naga Fighter on Jan 19, 2024.
             Slain by badatdcss's ghost (6 damage)
             ... on level 3 of the Dungeon.
             The game lasted 00:08:21 (2595 turns).

Buffagor the Trooper (Naga Fighter)                 Turns: 2595, Time: 00:08:22

Health: -3/44      AC:  5    Str: 18    XL:     4   Next: 74%
Magic:  4/4        EV:  5    Int: 14    God:
Gold:   136        SH:  8    Dex: 13    Spells: 3/3 levels left

rFire   . . .        a - +0 long sword
rCold   + . .        n - +0 kite shield
rNeg    . . .        b - +0 scale mail
rPois   +            (no helmet)
rElec   .            (no cloak)
rCorr   .            (no gloves)
SInv    +            (no barding)
Will    .....        (no amulet) Stlth
                     s - +6 ring of intelligence
HPRegen 0.27/turn    t - ring of protection from cold
MPRegen 0.09/turn

%: no passive effects
@: mighty, lethally poisoned (-3 -> -8), very slow
A: AC +1, large, see invisible, deformed body, poison resistance, slowness 2,
spit poison 1, naga tail 1
a: Spit Poison


You were on level 3 of the Dungeon.
You visited 1 branch of the dungeon, and saw 3 of its levels.

You collected 136 gold pieces.

Inventory:

Hand Weapons
 a - a +0 long sword (weapon)
 m - a +0 arbalest
Missiles
 c - 5 poisoned darts
 i - 27 stones
Armour
 b - a +0 scale mail (worn)
 n - a +0 kite shield (worn)
Jewellery
 s - a +6 ring of intelligence (left hand)
 t - a ring of protection from cold (right hand)
Talismans
 u - a blade talisman
Scrolls
 e - 4 scrolls of identify {unknown}
 g - 2 scrolls of enchant armour {unknown}
 h - 3 scrolls of teleportation {unknown}
 l - a scroll of vulnerability {unknown}
 p - 2 scrolls of poison {unknown}
 r - a scroll of fog {unknown}
Potions
 d - a potion of might
 f - 2 potions of haste {unknown}
 j - a potion of attraction {unknown}
 k - 2 potions of degeneration {unknown}
 o - a potion of berserk rage {unknown}
 q - a potion of lignification {unknown}
 v - a potion of heal wounds {unknown}


   Skills:
 + Level 3.7 Fighting
 + Level 2.9 Long Blades
 + Level 3.0 Armour
 + Level 3.3 Shields


You had 3 spell levels left.
You didn't know any spells.
Your spell library contained the following spells:

 Spells                   Type           Power      Damage    Failure   Level
 Ensorcelled Hibernation  Hex/Ice        0%         N/A       98%         2
 Fugue of the Fallen      Necr           0%         N/A       100%        3
 Anguish                  Hex/Necr       0%         N/A       100%        4


Dungeon Overview and Level Annotations

Branches:
Dungeon (3/15)

Altars:
Elyvilon

Annotations:
D:3 badatdcss's ghost, amateur DrBe


Innate Abilities, Weirdness & Mutations

Your serpentine skin is tough. (AC +1)
You have supernaturally acute eyesight. (SInv)
Armour fits poorly on your strangely shaped body.
Your system is resistant to poisons. (rPois)
You cover ground very slowly.
You can spit poison.
You have a snake-like lower body.


Message History

You feel very mighty all of a sudden. You block badatdcss's ghost's attack.
Badatdcss's ghost hits you.
There is an open translucent gate here.
You closely miss badatdcss's ghost. Badatdcss's ghost hits you!
You are poisoned.
The giant cockroach simulacrum bites you but does no damage.
Unknown command.
You closely miss badatdcss's ghost.
You feel very sick.
Badatdcss's ghost hits you but does no damage.
You block the giant cockroach simulacrum's attack.
Badatdcss's ghost hits you but does no damage.
The giant cockroach simulacrum bites you but does no damage.
You closely miss badatdcss's ghost.
You feel sick. Badatdcss's ghost hits you.
You are more poisoned.
The giant cockroach simulacrum bites you but does no damage.
You hit badatdcss's ghost.
Badatdcss's ghost is lightly damaged.
You feel very sick. Badatdcss's ghost hits you.
* * * LOW HITPOINT WARNING * * *
The giant cockroach simulacrum bites you.
* * * LOW HITPOINT WARNING * * *
The giant cockroach simulacrum freezes you.
You resist.
* * * LOW HITPOINT WARNING * * *
You slash badatdcss's ghost!
Badatdcss's ghost is heavily damaged.
* * * LOW HITPOINT WARNING * * *
You feel very sick.
Badatdcss's ghost hits you but does no damage.
You block the giant cockroach simulacrum's attack.
You block badatdcss's ghost's attack.
The giant cockroach simulacrum bites you but does no damage.
You slash the giant cockroach simulacrum!
The giant cockroach simulacrum vaporises!
* * * LOW HITPOINT WARNING * * *
You feel very sick. Badatdcss's ghost hits you.
You die...

######### #.........#
###.......####.........#
####...#####...##.........#
.....###...###............#
###.##.W.....###..........#
#.#..Z###....##.#########
#.#..# #....#.# #.#..#
..##...#.#
##.##.#)..$#...@.#
##...#...=.$#..W☼.#
#....#Z....##...'.##
#...##.....#....#..#
#...#.....##....#..#
....#...###....##..#
....##........##...# .#...#
.....###....# ..#..##
#####...#.###


You could see badatdcss's ghost.

Vanquished Creatures
  2 adders
  2 hound simulacra (D:3)
  A shadow imp (D:3)
  5 orcs (D:3)
  5 ball pythons
  5 bats
  8 endoplasms
  2 giant cockroaches
  4 goblins
  5 hobgoblins
  A jackal (D:1)
  5 frilled lizards
  A giant cockroach simulacrum (D:3)
  4 kobolds
  3 rats
53 creatures vanquished.

Notes
Turn   | Place    | Note
-------+----------+-------------------------------------------
     0 | D:1      | Buffagor the Naga Fighter began the quest for the Orb.
     0 | D:1      | Reached XP level 1. HP: 21/21 MP: 1/1
   102 | D:1      | Reached XP level 2. HP: 18/28 MP: 2/2
   836 | D:2      | Reached XP level 3. HP: 34/34 MP: 3/3
   867 | D:2      | Found a white marble altar of Elyvilon.
  1990 | D:3      | Reached XP level 4. HP: 40/42 MP: 4/4
  2173 | D:3      | Noticed badatdcss's ghost (amateur DrBe)
  2306 | D:3      | Found a runed translucent gate.
  2306 | D:3      | Found a runed translucent gate.
  2306 | D:3      | Found a runed translucent gate.
  2595 | D:3      | Slain by badatdcss's ghost

Illustrated notes

Levels and vault maps discovered:
D:1:      spicycebolla_arrival_transporter_tutorial, layout_basic,
          minmay_tetromino_o4
D:2:      layout_basic, basic_altar
D:3:      layout_basic, gammafunk_ghost_icy, hangedman_decor_push, minivault_25,
          kennysheep_generic_room_7

Skill      XL: |  1  2  3  4 |
---------------+-------------+-----
Shields        | 3 |  3.3
Armour         | 3 |  3.0
Fighting       | |  3.7
Long Blades    | |  2.9

Action                     |  1- 3 |  4- 6 || total
---------------------------+-------+-------++-------
  Melee: Long sword        |    80 |    39 ||   119
Ability: Spit Poison       |    22 |    13 ||    35
    Use: Potion            |       |     1 ||     1
 Armour: Scale mail        |    59 |    43 ||   102
  Dodge: Dodged            |    17 |     9 ||    26
  Block: Buckler           |    10 |       ||    10
         Kite shield       |    25 |    31 ||    56
